 Dungeon Crawl Stone Soup version 0.26-a0-639-g72c4674329 (webtiles) character file.

Game seed: 2756345692569777197

3722 Borgoz the Fighter (level 10, -14/97 HPs)
             Began as a Gargoyle Berserker on Sept 18, 2020.
             Was a Priest of Trog.
             Demolished by a two-headed ogre
             ... wielding a +2 dire flail of draining
              (16 damage)
             ... on level 8 of the Dungeon.
             The game lasted 00:10:18 (8407 turns).

Borgoz the Fighter (Gargoyle Berserker)             Turns: 8407, Time: 00:10:18

Health: -14/97     AC: 19    Str: 21    XL:     10   Next: 14%
Magic:  0/10       EV: 11    Int: 10    God:    Trog [***...]
Gold:   285        SH:  0    Dex: 14    Spells: 9/9 levels left

rFire    . . .     SeeInvis .   n - +0 flail
rCold    . . .     Faith    .   (no shield)
rNeg     + . .     Spirit   +   r - +0 chain mail (curse)
rPois    ∞         Reflect  .   m - +0 helmet
rElec    +         Harm     .   (no cloak)
rCorr    .         Rampage  .   (no gloves)
MR       .....                  (no boots)
Stlth    ..........             w - amulet of guardian spirit
HPRegen  0.26/turn              (no ring)
MPRegen  0.12/turn              (no ring)

@: berserking, very quick
A: claws 1, agile 1, blink, clever 1, negative energy resistance 1, electricity
resistance, unbreathing, petrification resistance, rot immunity, AC +7
a: Blink, Berserk, Trog's Hand, Renounce Religion


You were on level 8 of the Dungeon.
You worshipped Trog.
Trog was most pleased with you.
You visited 2 branches of the dungeon, and saw 9 of its levels.

You collected 285 gold pieces.

Inventory:

Hand Weapons
 n - a +0 flail (weapon)
Missiles
 y - 2 throwing nets (quivered)
Armour
 e - a +0 plate armour
 m - a +0 helmet (worn)
 r - a cursed +0 chain mail (worn)
Jewellery
 q - an uncursed amulet of the acrobat
 u - an uncursed amulet of faith
 w - an amulet of guardian spirit (around neck)
Wands
 p - a wand of enslavement (12)
 s - a wand of disintegration (12)
 t - a wand of acid (8)
Scrolls
 b - a scroll of noise {unknown}
 d - 5 scrolls of remove curse {unknown}
 h - 3 scrolls of amnesia {unknown}
 j - 2 scrolls of enchant armour {unknown}
 v - a scroll of enchant weapon {unknown}
 x - a scroll of magic mapping
Potions
 a - 3 potions of haste
 f - 2 potions of stabbing
 g - 5 potions of heal wounds
 i - a potion of might
 l - 3 potions of curing
 o - a potion of mutation


   Skills:
 + Level 8.5 Fighting
 + Level 7.7 Maces & Flails
 + Level 8.1 Armour
 + Level 6.1 Dodging


You had 9 spell levels left.
You didn't know any spells.
Your spell library was empty.

Dungeon Overview and Level Annotations

Branches:
Dungeon (8/15)             Temple (1/1) D:5
   Lair: D:8-11

Altars:
Cheibriados
Fedhas
Gozag
Hepliaklqana
Kikubaaqudgha
Nemelex Xobeh
Okawaru
Qazlal
Ru
Sif Muna
Trog
Uskayaw
Vehumet
Wu Jian
Xom
Zin

Annotations:
D:7 exclusion: ice statue


Innate Abilities, Weirdness & Mutations

You are resistant to torment.
Your stone body is resilient. (AC +7)
You are immune to poison.
You resist negative energy. (rN+)
You are resistant to electric shocks. (rElec)
You can survive without breathing.
You are immune to petrification.
You are immune to rotting.
You have sharp fingernails.
You are agile. (Dex +2)
You can translocate small distances at will.
Your mind is acute. (Int +2)


Message History

The two-headed ogre is lightly wounded.
The two-headed ogre hits you but does no damage. x2
You sock the two-headed ogre!
The two-headed ogre is moderately wounded.
The two-headed ogre barely misses you.
The two-headed ogre hits you with a +0 giant club!
* * * LOW HITPOINT WARNING * * *
You sock the two-headed ogre!
The two-headed ogre is moderately wounded.
You thump the two-headed ogre!
The two-headed ogre is severely wounded.
The two-headed ogre misses you.
The two-headed ogre hits you with a +0 giant club.
* * * LOW HITPOINT WARNING * * *
You sock the two-headed ogre!
The two-headed ogre is severely wounded.
The two-headed ogre hits you with a +2 dire flail of draining!
* * * LOW HITPOINT WARNING * * *
The two-headed ogre hits you with a +0 giant club!
You die...

# .# #####.#
###.....#
###)P..O..##
##.....@....##
#......P.....#
##.P.P...P..P.#
####..P..†.........
.........####PPP...
###PP.?.# ..P...
#..P...# ...P.#
##..P.P.####..P..#
......P...P.......#


You could see a two-headed ogre.

Vanquished Creatures
  Grinder (D:3)
  Prince Ribbit (D:5)
  Sigmund (D:2)
  A yak (D:8)
  Menkaure (D:4)
  A water moccasin (D:6)
  2 porcupines (D:8)
  2 sky beasts
  2 ice beasts
  A black bear (D:8)
  4 ogres
  A phantom (D:6)
  A centaur (D:6)
  A big kobold (D:7)
  A bullfrog (D:8)
  2 scorpions
  3 killer bees (D:7)
  2 howler monkeys
  A bullfrog zombie (D:6)
  3 jellies
  A centaur skeleton (D:6)
  2 hounds
  A gnoll shaman (D:7)
  5 orc priests
  2 bullfrog skeletons
  3 iguanas
  7 orc wizards
  3 worker ants
  A howler monkey zombie (D:6)
  2 worker ant zombies
  16 gnolls
  10 adders
  2 shadow imps
  A white imp (D:7)
  2 ufetubi
  An ooze (D:4)
  2 dart slugs
  5 leopard geckos
  13 orcs
  2 ball pythons
  3 giant cockroaches
  8 goblins
  10 hobgoblins
  3 jackals (D:1)
  4 quokkas
  3 bats
  6 frilled lizards
  14 kobolds
  A quokka skeleton (D:4)
  9 rats
174 creatures vanquished.

Vanquished Creatures (others)
  7 fungi (D:8)
  6 plants (D:8)
13 creatures vanquished.

Grand Total: 187 creatures vanquished

Notes
Turn   | Place    | Note
-------+----------+-------------------------------------------
     0 | D:1      | Borgoz the Gargoyle Berserker began the quest for the Orb.
     0 | D:1      | Reached XP level 1. HP: 14/14 MP: 1/1
   188 | D:1      | Reached XP level 2. HP: 14/19 MP: 2/2
   781 | D:1      | Reached ** piety under Trog
   781 | D:1      | Reached XP level 3. HP: 20/23 MP: 3/3
  1174 | D:2      | Noticed Sigmund
  1193 | D:2      | Gained mutation: You have sharp fingernails. [potion of
                  | mutation]
  1193 | D:2      | Gained mutation: Your spells are a little harder to cast,
                  | but a little more powerful. [potion of mutation]
  1203 | D:2      | Killed Sigmund
  1203 | D:2      | Reached XP level 4. HP: 30/30 MP: 4/4
  1203 | D:2      | Reached XP level 5. HP: 34/34 MP: 5/5
  1742 | D:3      | Reached XP level 6. HP: 39/39 MP: 6/6
  1771 | D:3      | Lost mutation: Your spells are a little harder to cast, but
                  | a little more powerful. [potion of mutation]
  1771 | D:3      | Gained mutation: Your mind is acute. (Int +2) [potion of
                  | mutation]
  1771 | D:3      | Gained mutation: You are agile. (Dex +2) [potion of
                  | mutation]
  1771 | D:3      | Gained mutation: You can translocate small distances at
                  | will. [potion of mutation]
  2074 | D:3      | Reached skill level 5 in Fighting
  2249 | D:3      | Noticed Grinder
  2261 | D:3      | Killed Grinder
  2261 | D:3      | Reached *** piety under Trog
  2261 | D:3      | Reached XP level 7. HP: 21/44 MP: 7/7
  2657 | D:4      | Reached skill level 5 in Maces & Flails
  2778 | D:4      | Reached skill level 5 in Armour
  2923 | D:4      | Noticed Menkaure
  2930 | D:4      | Killed Menkaure
  2930 | D:4      | Reached XP level 8. HP: 47/51 MP: 8/8
  3758 | D:5      | Entered Level 5 of the Dungeon
  4092 | D:5      | Noticed Prince Ribbit
  4326 | D:5      | Killed Prince Ribbit
  4585 | D:5      | Found a staircase to the Ecumenical Temple.
  5030 | Temple   | Entered the Ecumenical Temple
  5134 | D:6      | Reached XP level 9. HP: 57/57 MP: 9/9
  5282 | D:6      | Reached skill level 5 in Dodging
  7803 | D:7      | Noticed an ice statue
  8301 | D:8      | Reached XP level 10. HP: 64/64 MP: 10/10
  8392 | D:8      | Noticed a two-headed ogre
  8407 | D:8      | HP: 2/97 [two-headed ogre/+2 dire flail of draining (11)]
  8407 | D:8      | Demolished by a two-headed ogre

Illustrated notes

Levels and vault maps discovered:
D:1:      sevenhm_arrival_forest_fort_small_1, layout_loops_ring, st_stairs_4
D:2:      layout_loops_ring, uniq_sigmund
D:3:      layout_rooms, uniq_grinder
D:4:      layout_loops_ring, minmay_misc_feat_plants, uniq_menkaure
D:5:      layout_loops_corners, minmay_temple_entry_enclosed_plants,
          uniq_prince_ribbit1
D:6:      layout_gridville, serial_glass, glass_columns_b, glass_columns_a,
          minmay_strange_pillars, item_on_display_a, due_unseen_surprise,
          hangedman_decor_growths
D:7:      lemuel_ice_statue, layout_cave_pods
D:8:      layout_loops_ring, marbit_many_paths, grunt_lair_entry_orc_guard_hut
Temple:   dpeg_three_leaves_temple

Skill      XL: |  1  2  3  4  5  6  7  8  9 10 |
---------------+-------------------------------+-----
Dodging        | 2 3 4 5 6 |  6.1
Fighting       | 4 5 7 8 |  8.5
Maces & Flails | 4 5 6 7 |  7.7
Armour         | 3 4 5 6 7 8 |  8.1

Action                   |  1- 3 |  4- 6 |  7- 9 | 10-12 || total
-------------------------+-------+-------+-------+-------++-------
Melee: Mace              |   127 |    89 |       |       ||   216
       Flail             |       |    56 |   550 |    36 ||   642
Invok: Berserk           |     1 |     1 |     5 |     2 ||     9
       Trog's Hand       |     1 |     1 |     2 |       ||     4
Evoke: Wand              |       |       |     1 |     2 ||     3
  Use: Potion            |     3 |     1 |       |       ||     4
       Scroll            |       |       |     6 |       ||     6
Armor: Animal skin       |    29 |       |       |       ||    29
       Plate armour      |    52 |   150 |    11 |       ||   213
       Chain mail        |       |       |   450 |    14 ||   464
Dodge: Dodged            |    82 |    64 |   400 |    17 ||   563

Table legend: (Time is in decaauts)
 A = Elapsed time spent in this place.
 B = Non-inter-level travel time spent in this place.
 C = Inter-level travel time spent in this place.
 D = Time resting spent in this place.
 E = Time spent auto-exploring this place.
 F = Levels seen in this place.
 G = Mean time per level.
                   A        B        C        D        E       F      G
               +--------+--------+--------+--------+--------+-----+--------+
         Total |   8577 |   8321 |    256 |   1379 |   5396 |   9 |  953.0 |
       Dungeon |   8565 |   8315 |    250 |   1379 |   5391 |   8 | 1070.6 |
        Temple |     11 |      5 |      6 |      0 |      5 |   1 |   11.0 |
               +--------+--------+--------+--------+--------+-----+--------+

Top non-repeatable levels by time:
     D:7: 1687 daAuts
     D:6: 1574 daAuts
     D:5: 1308 daAuts
     D:4: 1196 daAuts
     D:1: 1031 daAuts
     D:2: 893 daAuts
     D:3: 744 daAuts
     D:8: 130 daAuts
  Temple: 11 daAuts
